 Dungeon Crawl Stone Soup version 0.31.0-11-ge490571c62 (webtiles) character file.

Game seed: 15414448394493944383

121 qw the Shooter (level 4, -3/23 HPs)
             Began as a Spriggan Hunter on Feb 4, 2024.
             Slain by a gnoll
             ... wielding a +0 spear
              (4 damage)
             ... on level 3 of the Dungeon.
             The game lasted 00:00:05 (1211 turns).

qw the Shooter (Spriggan Hunter)                    Turns: 1211, Time: 00:00:05

Health: -3/23      AC:  2    Str:  7    XL:     4   Next: 77%
Magic:  5/5        EV: 20    Int: 10    God:
Gold:   871        SH:  0    Dex: 20    Spells: 3/3 levels left

rFire   . . .        a - +0 shortbow
rCold   . . .        (shield currently unavailable)
rNeg    . . .        c - +0 robe
rPois   .            (helmet restricted)
rElec   .            (no cloak)
rCorr   +            (gloves unavailable)
SInv    +            (boots unavailable)
Will    .....        (no amulet)
Stlth   ++           g - ring of resist corrosion
HPRegen 0.23/turn    (no ring)
MPRegen 0.09/turn

%: no passive effects
@: very quick
A: very small, no large weapons, unfitting armour, see invisible, speed 3
a: no special abilities


You were on level 3 of the Dungeon.
You visited 1 branch of the dungeon, and saw 3 of its levels.

You collected 871 gold pieces.


Innate Abilities, Weirdness & Mutations

You are very small and have problems with some larger weapons.
You are too small for most types of armour.
You have supernaturally acute eyesight. (SInv)
You cover ground extremely quickly. (Speed+++)


   Skills:
 + Level 1.8 Fighting
 - Level 5.1 Ranged Weapons
 - Level 5.0 Dodging
 - Level 1.5 Stealth


You had 3 spell levels left.
You didn't know any spells.
Your spell library was empty.

Inventory:

Hand Weapons
 a - a +0 shortbow (weapon)
Armour
 c - a +0 robe (worn)
Jewellery
 g - a ring of resist corrosion (left hand)
Potions
 b - a potion of attraction {unknown}
 d - a potion of degeneration {unknown}
 f - a potion of resistance {unknown}
 h - a potion of mutation {unknown}
 i - a potion of curing {unknown}

Dungeon Overview and Level Annotations

Branches:
Dungeon (3/15)

Altars:
The Shining One


Message History

The gnoll misses you.
You shoot an arrow.
The arrow hits the gnoll but does no damage.
The gnoll is severely wounded.
The gnoll misses you.
You shoot an arrow. The arrow hits the gnoll!
You kill the gnoll!
You shoot an arrow. The arrow closely misses the orc.
The orc closely misses you.
You shoot an arrow. The arrow hits the orc.
The orc is severely wounded.
The orc misses you.
The gnoll hits you from afar with a +0 spear!
You shoot an arrow. The arrow closely misses the orc.
The orc completely misses you.
The gnoll hits you from afar with a +0 spear.
You shoot an arrow. The arrow hits the orc.
The orc is almost dead.
The orc closely misses you. The gnoll misses you. The orc barely misses you.
You shoot an arrow. The arrow closely misses the orc.
The gnoll misses you. The orc closely misses you. The gnoll barely misses you.
You shoot an arrow.
The arrow hits the orc but does no damage.
The orc is severely wounded.
The orc completely misses you. The gnoll completely misses you.
You shoot an arrow. The arrow hits the orc.
You kill the orc!
The gnoll misses you.
You shoot an arrow.
The arrow hits the gnoll but does no damage.
The gnoll barely misses you. The gnoll closely misses you.
You shoot an arrow. The arrow hits the gnoll.
The gnoll is moderately wounded.
The gnoll completely misses you. x2
You shoot an arrow. The arrow hits the gnoll.
The gnoll is severely wounded.
The gnoll closely misses you. The gnoll completely misses you.
The gnoll hits you with a +0 whip!
The gnoll hits you from afar with a +0 spear.
You die...

#### #.@########
##.#gg~¤¤~~¤
##..#¤¤....¤~
#..##.~.~~~¤~
####.###.¤~)..~~
#######....#
#.~~._)~~
#.......####
#.¤~...~~
####.########
#.~.¤~~.¤
.............
#.~.¤¤¤.~


You could see 2 gnolls.

Vanquished Creatures
  An orc priest (D:3)
  3 gnolls
  An adder (D:2)
  3 dart slugs
  4 orcs (D:3)
  A ball python (D:1)
  3 bats (D:1)
  5 endoplasms
  5 giant cockroaches
  6 hobgoblins
  A quokka (D:1)
  A frilled lizard (D:1)
  3 goblins (D:1)
  A kobold (D:2)
  5 rats
43 creatures vanquished.

Notes
Turn   | Place    | Note
-------+----------+-------------------------------------------
     0 | D:1      | qw the Spriggan Hunter began the quest for the Orb.
     0 | D:1      | Reached XP level 1. HP: 10/10 MP: 2/2
     0 | D:1      | 0 ||| qw: Version: 0.3-a-160-g6735b56
     0 | D:1      | 0 ||| qw: Game counter: 5340
     0 | D:1      | 0 ||| qw: Melee chars always use a shield: true
     0 | D:1      | 0 ||| qw: God list: Okawaru
     0 | D:1      | 0 ||| qw: Allow faded altars: false
     0 | D:1      | 0 ||| qw: Do Orc after clearing Dungeon:15 true
     0 | D:1      | 0 ||| qw: Do second Lair branch before Depths: true
     0 | D:1      | 0 ||| qw: Lair rune preference: random
     0 | D:1      | 0 ||| qw: Goals: Normal
     0 | D:1      | 0 ||| PLANNING D:1-11
    58 | D:1      | Reached skill level 3 in Dodging
   147 | D:1      | Reached XP level 2. HP: 14/14 MP: 3/3
   336 | D:1      | Reached XP level 3. HP: 14/18 MP: 4/4
   511 | D:1      | 511 ||| DROPPING ring of wizardry.
   512 | D:1      | 512 ||| READING scroll labelled MOBBUM YXINIBB.
   513 | D:1      | 513 ||| READING scroll labelled TOAMIU DO COQO.
   513 | D:1      | Identified a scroll of acquirement
   513 | D:1      | 513 ||| ACQUIRING 766 gold pieces
   513 | D:1      | Acquired 766 gold pieces
   515 | D:1      | 515 ||| READING scroll labelled NYNIF LYICEPN.
   516 | D:1      | 516 ||| DROPPING scroll of butterflies.
  1118 | D:2      | 1118 ||| UPGRADING to ring of resist corrosion.
  1119 | D:2      | 1119 ||| READING scroll labelled TONUR WIACETAN.
  1120 | D:2      | 1120 ||| READING scroll labelled IPTEGY VUOMY.
  1175 | D:3      | Found a glowing golden altar of the Shining One.
  1180 | D:3      | Reached XP level 4. HP: 22/22 MP: 5/5
  1191 | D:3      | 1191 ||| RETREEEEATING.
  1192 | D:3      | 1192 ||| RETREEEEATING.
  1193 | D:3      | 1193 ||| RETREEEEATING.
  1211 | D:3      | HP: 1/23 [gnoll/+0 whip (8)]
  1211 | D:3      | Slain by a gnoll

Levels and vault maps discovered:
D:1:      scummos_arrival_star, layout_basic
D:2:      layout_loops_cross
D:3:      layout_basic, minmay_overflow_temple_star_hex,
          mainiacjoe_overflow_paths, serial_shops, nicolae_diamond_shop,
          minmay_fractal_squares_gapless_5, uniq_ijyb

Skill      XL: |  1  2  3  4 |
---------------+-------------+-----
Dodging        | 3 4 5 |  5.0
Ranged Weapons | 5 |  5.1
Fighting       | |  1.8
Stealth        | |  1.5

Action                     |  1- 3 |  4- 6 || total
---------------------------+-------+-------++-------
   Fire: Shortbow          |   104 |    27 ||   131
    Use: Scroll            |     5 |       ||     5
 Armour: Robe              |     6 |     6 ||    12
  Dodge: Dodged            |    33 |    23 ||    56

Table legend:
 A = Non-vault XP
 B = Vault XP
 C = Vault XP percentage of total XP
 D = Non-vault monster count
 E = Vault monster count
 F = Vault count percentage of total count
                 A         B        C        D         E       F
            +---------+---------+-------+---------+---------+-------
      Total |     174 |       0 |   0.0 |      43 |       0 |   0.0
            +---------+---------+-------+---------+---------+-------
        D:1 |      63 |       0 |   0.0 |      26 |       0 |   0.0
        D:2 |      30 |       0 |   0.0 |      10 |       0 |   0.0
        D:3 |      81 |       0 |   0.0 |       7 |       0 |   0.0
            +---------+---------+-------+---------+---------+-------
